 Dungeon Crawl Stone Soup version 0.31-a0-851-g7ff8af7976 (webtiles) character file.

Game seed: 13850258917669504831

33 senseless the Firebug (level 3, 0/19 HPs)
             Began as a Deep Elf Fire Elementalist on Oct 6, 2023.
             Slain by Terence
             ... wielding a +0 mace of protection
              (5 damage)
             ... on level 2 of the Dungeon.
             The game lasted 00:03:48 (1405 turns).

senseless the Firebug (Deep Elf Fire Elementalist)  Turns: 1405, Time: 00:03:49

Health: 0/19       AC:  6    Str:  5    XL:     3   Next: 12%
Magic:  1/10       EV: 12    Int: 21    God:
Gold:   73         SH:  0    Dex: 13    Spells: 6/9 levels left

rFire   . . .        e - +0 dagger
rCold   . . .        (no shield)
rNeg    . . .        a - +0 robe
rPois   .            (no helmet)
rElec   .            (no cloak)
rCorr   .            i - +1 pair of gloves
SInv    .            (no boots)
Will    .....        (no amulet)
Stlth   ++           (no ring)
HPRegen 0.23/turn    (no ring)
MPRegen 0.12/turn

%: no passive effects
@: no status effects
A: iridescent scales 1, clumsy 1, MP-powered wands
a: no special abilities


You were on level 2 of the Dungeon.
You visited 1 branch of the dungeon, and saw 2 of its levels.

You collected 73 gold pieces.

Inventory:

Hand Weapons
 e - a +0 dagger (weapon)
 f - a +0 short sword
Armour
 a - a +0 robe (worn)
 i - a +1 pair of gloves (worn)
Scrolls
 c - 4 scrolls of identify {unknown}
 g - a scroll of teleportation
 n - a scroll of fear {unknown}
 o - 2 scrolls of noise
Potions
 b - a potion of magic
 d - a potion of curing
 j - a potion of brilliance {unknown}
 k - a potion of enlightenment {unknown}
 l - a potion of cancellation {unknown}


   Skills:
 + Level 3.0 Dodging
 - Level 2.4 Stealth
 + Level 3.5 Spellcasting
 + Level 1.9 Conjurations
 + Level 3.7 Fire Magic


You had 6 spell levels left.
You knew the following spells:

 Your Spells              Type           Power      Damage    Failure   Level
a - Foxfire               Conj/Fire      60%        2x1d7     4%          1
b - Scorch                Fire           38%        2d6       4%          2

Your spell library contained the following spells:

 Spells                   Type           Power      Damage    Failure   Level
 Inner Flame              Hex/Fire       11%        N/A       17%         3
 Volatile Blastmotes      Fire/Tloc      22%        2d11      17%         3
 Dazzling Flash           Conj/Hex       14%        N/A       26%         3
 Flame Wave               Conj/Fire      15%        2d7       36%         4
 Starburst                Conj/Fire      7%         6d4       99%         6
 Maxwell's Capacitive Co  Air            1%         ∞         100%        8


Dungeon Overview and Level Annotations

Branches:
Dungeon (2/15)

Altars:

Annotations:
D:2 Terence


Innate Abilities, Weirdness & Mutations

You are partially covered in iridescent scales. (AC +2)
You are clumsy. (Dex -2)
You expend magic power (3 MP) to strengthen your wands.


Message History

You can't see any susceptible monsters within range! (Use Z to cast anyway.) Flames lash Terence but do no damage.
You miscast Scorch.
You are very lightly contaminated with residual magic.
Nothing appears to happen.
Flames lash Terence.
Terence is lightly wounded.
Terence's fire resistance burns away.
Terence hits you with a +0 mace of protection.
Flames lash Terence but do no damage.
Terence hits you with a +0 mace of protection.
Flames lash Terence.
Terence is burned terribly!
Terence is moderately wounded.
Terence hits you but does no damage. Terence barely misses you.
Unknown command.
Terence attacks as he pursues you!
Terence hits you with a +0 mace of protection.
Terence misses you. Terence attacks as he pursues you!
Terence barely misses you.
Your magical contamination has completely faded away.
Terence is no longer more vulnerable to fire.
Terence attacks as he pursues you!
Terence hits you with a +0 mace of protection!
Casting: Scorch (safe; 4% risk of failure)
Confirm with . or Enter, or press ? or * to list all spells.
You conjure some foxfire!
Terence hits you but does no damage.
Your foxfire dissipates!
The foxfire hits Terence but does no damage.
Terence is lightly wounded.
Terence attacks as he pursues you!
Terence hits you with a +0 mace of protection.
* * * LOW HITPOINT WARNING * * *
Casting: Foxfire (safe; 4% risk of failure)
Confirm with . or Enter, or press ? or * to list all spells.
You don't have enough magic to cast this spell.
Terence attacks as he pursues you! Terence barely misses you.
Terence attacks as he pursues you!
Terence hits you with a +0 mace of protection.
You die...

###..........##
####....#...##...#
#................#
#.##)...#...#....#
#### #......).#....#
#... ###+#.#.##....#
#...
#.#.##....#####...
#@#.>..#..........
#@#.(..#..#####...
#.#.......#####.g!
#.#...........@...
#.#..#.#..########
#.#..#.#..#
#.#..#....#######
#.#....##........
#<#....##.#######
#.###....##....#####


You could see Terence.

Vanquished Creatures
  An adder (D:2)
  A dart slug (D:1)
  3 endoplasms (D:1)
  A giant cockroach (D:1)
  3 goblins
  2 hobgoblins (D:2)
  2 kobolds
  3 ball pythons (D:1)
  A bat (D:1)
  3 frilled lizards
  2 rats
22 creatures vanquished.

Vanquished Creatures (others)
  85 foxfires
85 creatures vanquished.

Grand Total: 107 creatures vanquished

Notes
Turn   | Place    | Note
-------+----------+-------------------------------------------
     0 | D:1      | senseless the Deep Elf Fire Elementalist began the quest
                  | for the Orb.
     0 | D:1      | Reached XP level 1. HP: 10/10 MP: 6/6
   394 | D:1      | Reached XP level 2. HP: 15/15 MP: 0/8
   506 | D:1      | Learned a level 2 spell: Scorch
   994 | D:2      | Noticed Terence
  1011 | D:2      | Gained mutation: You are partially covered in iridescent
                  | scales. (AC +2) [potion of mutation]
  1011 | D:2      | Gained mutation: You are clumsy. (Dex -2) [potion of
                  | mutation]
  1011 | D:2      | Gained mutation: You expend magic power (3 MP) to
                  | strengthen your wands. [potion of mutation]
  1154 | D:2      | Reached XP level 3. HP: 19/19 MP: 5/10
  1405 | D:2      | Slain by Terence

Illustrated notes

Levels and vault maps discovered:
D:1:      minmay_arrival_three_doors, layout_rooms, grunt_decor_cap,
          minivault_11
D:2:      layout_basic, minmay_misc_feat_square, uniq_terence

Skill      XL: |  1  2 |
---------------+-------+-----
Dodging        | 3 |  3.0
Stealth        | |  2.4
Spellcasting   | |  3.5
Conjurations   | |  1.9
Fire Magic     | |  3.7

Action                     || total
---------------------------++-------
  Melee: Dagger            ||    11
   Cast: Foxfire           ||    50
         Scorch            ||    11
    Use: Scroll            ||     3
         Potion            ||     2
 Armour: Robe              ||    16
  Dodge: Dodged            ||    17

Table legend: (Time is in decaauts)
 A = Elapsed time spent in this place.
 B = Non-inter-level travel time spent in this place.
 C = Inter-level travel time spent in this place.
 D = Time resting spent in this place.
 E = Time spent auto-exploring this place.
 F = Levels seen in this place.
 G = Mean time per level.
                   A        B        C        D        E       F      G
               +--------+--------+--------+--------+--------+-----+--------+
         Total |   1404 |   1376 |     28 |      0 |   1181 |   2 |  702.0 |
       Dungeon |   1404 |   1376 |     28 |      0 |   1181 |   2 |  702.0 |
               +--------+--------+--------+--------+--------+-----+--------+

Top non-repeatable levels by time:
     D:1: 906 daAuts
     D:2: 497 daAuts
